 Dungeon Crawl Stone Soup version 0.19.4-9-g45fd643 (console) character file.

7273 Grinner the Basher (level 10, 0/59 HPs)
             Began as a Minotaur Gladiator on Feb 21, 2017.
             Was an Elder of Qazlal.
             Killed from afar by a smoke demon (5 damage)
             ... with a sticky flame
             ... on level 1 of the Abyss.
             The game lasted 00:24:27 (8754 turns).

Grinner the Basher (Minotaur Gladiator)             Turns: 8754, Time: 00:24:28

Health: 0/59       AC:  9    Str: 16      XL:     10   Next: 89%
Magic:  10/10      EV: 17    Int:  6 (7)  God:    Qazlal [****..]
Gold:   436        SH:  5    Dex: 14      Spells: 2 memorised, 3 levels left

rFire  . . .     SeeInvis +     a - +10 morningstar {elec, Halo rElec}
rCold  + . .     Gourm    .     g - +3 leather armour of Limited Liability {rC+ Int+2}
rNeg   . . .     Faith    +     (no shield)
rPois  .         Spirit   .     c - +1 hat
rElec  +         Reflect  .     (no cloak)
rCorr  .         Harm     .     t - +0 pair of gloves
MR     .....     Rnd*Rage +     (no boots)
Stlth  +.........               k - amulet of faith
                                z - ring of see invisible
                                F - +3 ring of protection

@: liquid flames, glowing, repel missiles
A: retaliatory headbutt, horns 2, berserk 2, blurry vision 2, deformed body,
deterioration 2, frail 2, screaming 2, weak 2, MP-powered wands
a: Upheaval, Elemental Force, Renounce Religion


You were on level 1 of the Abyss.
You worshipped Qazlal.
Qazlal was greatly pleased with you.
You were very hungry.

You visited 2 branches of the dungeon, and saw 10 of its levels.
You visited the Abyss 1 time.

You collected 436 gold pieces.

Inventory:

Hand Weapons
 a - the +10 morningstar "Eos" (weapon) {elec, Halo rElec}
   (You found it on level 5 of the Dungeon)

   Occasionally, upon striking a foe, it will discharge some electrical energy
   and cause terrible harm.
   It insulates you from electricity.
Missiles
 d - a throwing net (quivered)
Armour
 c - a +1 hat (worn)
 g - the +3 leather armour of Limited Liability (worn) {rC+ Int+2}
   (You found it on level 1 of the Abyss)

   It affects your intelligence (+2).
   It protects you from cold.
 t - a +0 pair of gloves (worn)
Rods
 M - a +0 lightning rod (10/10)
   (You found it on level 7 of the Dungeon)
Jewellery
 k - an amulet of faith (around neck)
 o - an uncursed ring of magical power
 u - an uncursed amulet of magic regeneration
 z - a ring of see invisible (right hand)
 F - a +3 ring of protection (left hand)
Wands
 b - a wand of polymorph (17/24)
 p - a wand of acid (8/15)
 y - a wand of acid (10/15)
 H - a wand of paralysis (11/24)
 L - a wand of teleportation (7/9)
Scrolls
 e - 3 scrolls of fear {unknown}
 h - 2 scrolls of remove curse
 j - a scroll of recharging
 l - 3 scrolls of teleportation
 n - a scroll of amnesia
 q - 2 scrolls of blinking {unknown}
 s - 2 scrolls of magic mapping
 v - 2 scrolls of enchant weapon
 A - 3 scrolls of fog {unknown}
 I - a scroll of summoning
 K - a scroll of immolation
Potions
 r - a potion of lignification
Books
 B - a book of Flames

   Spells                             Type                      Level
   a - Flame Tongue                   Conjuration/Fire             1
   b - Throw Flame                    Conjuration/Fire             2
   c - Conjure Flame                  Conjuration/Fire             3
   d - Inner Flame                    Hexes/Fire                   3
   e - Sticky Flame                   Conjuration/Fire             4
   f - Fireball                       Conjuration/Fire             5
 G - Ecymm's Volume of the Burning Entourage
   (You found it on level 6 of the Dungeon)

   Spells                             Type                      Level
   a - Throw Flame                    Conjuration/Fire             2
   b - Bolt of Magma                  Conjuration/Fire/Earth       5
   c - Shadow Creatures               Summoning                    6
   d - Malign Gateway                 Summoning/Translocation      7
Comestibles
 f - 5 bread rations
 m - 10 slices of pizza
 w - 7 meat rations
 x - 17 fruits
 C - 3 chunks of flesh


   Skills:
 - Level 2.4 Fighting
 * Level 13.0(14.5) Maces & Flails
   Level 11.3(13.7) Staves
 - Level 2.0 Throwing
 + Level 8.7 Dodging
 + Level 2.6 Invocations
 + Level 2.4 Evocations


You had 3 spell levels left.
You knew the following spells:

 Your Spells              Type           Power        Failure   Level  Hunger
f - Conjure Flame         Conj/Fire      #.......     99%         3    ####...
x - Inner Flame           Hex/Fire       #.......     99%         3    ####...


Dungeon Overview and Level Annotations

Branches:
Dungeon (9/15)             Temple (1/1) D:4            Lair (0/6) D:8
    Orc: D:9-12

Altars:
Ashenzari
Cheibriados
Dithmenos
Elyvilon
Fedhas
Hepliaklqana
Kikubaaqudgha
Makhleb
Nemelex Xobeh
Okawaru
Qazlal
Ru
Sif Muna
Trog
Uskayaw
Vehumet
Xom
Yredelemnul
Zin
The Shining One

Shops:
D:8 }

Annotations:
D:9 Grum, Joseph, Psyche


Innate Abilities, Weirdness & Mutations

You reflexively headbutt those who attack you in melee.
You have a pair of horns on your head.
[You often lose your temper in combat.]
[Scrolls take you longer to read.]
[Armour fits poorly on your strangely shaped body.]
[Your body often deteriorates upon taking damage.]
[You are very frail. (-20% HP)]
[You sometimes yell uncontrollably at your foes.]
[You are very weak. (Str -4)]
[You expend magic power (3 MP) to strengthen your wands.]


Message History

You hit the wretched star but do no damage.
The wretched star is moderately damaged.
The neqoxec gestures.
The wretched star glows turbulently.
The orb of energy is repelled.
You puncture the wretched star!
The wretched star is heavily damaged.
You hit the wretched star.
The wretched star is heavily damaged.
The smoke demon gestures at you. The sticky flame misses you.
You puncture the wretched star! You headbutt the wretched star.
The wretched star is almost destroyed.
The wretched star glows turbulently.
The orb of energy hits you!
* * * LOW HITPOINT WARNING * * *
The orb of energy explodes!
The smoke demon gestures at you. The sticky flame hits you!
You are covered in liquid flames!
You die...

. .# .####
#.ยง#.
#.#..###
#..3#.#
#.....#
#..####
###@..#
###*##.#
#.5W## #
##.###3# ##
# .##
W.5....#
.#.#.......#
. ..
.#####...# .
#... ### #.#
#...##. .##
....


You could see a wretched star, a smoke demon, a hungry ghost, a neqoxec, a
quasit and a white imp.

Vanquished Creatures
  A hydra (D:8)
  The ghost of throdak the Cudgeler, a novice DsFi of Ashenzari (D:7)
  A sixfirhy (D:8)
  A worldbinder (Abyss:1)
  The ghost of Wextippler the Purveyor of Pain, a novice DsNe of Kikubaaqudgha (D:5)
  A troll (D:8)
  A blink frog (Abyss:1)
  2 dream sheep (D:8)
  The ghost of kingofstarryskies the Slasher, an amateur GrFi (D:4)
  2 yaks (D:8)
  A neqoxec (Abyss:1)
  4 insubstantial wisps (Abyss:1)
  4 orc warriors
  A black bear (D:7)
  3 ice beasts
  2 ogres
  2 wolves
  3 big kobolds (D:8)
  3 scorpions
  A water moccasin skeleton (D:6)
  3 killer bees (D:7)
  A small abomination (Abyss:1)
  5 wights (D:8)
  2 electric eels (D:8)
  5 crimson imps
  6 hounds
  A jelly (D:7)
  8 orc priests
  2 bullfrog skeletons
  6 orc wizards
  A centaur skeleton (D:5)
  An iguana (D:5)
  5 worker ants
  A hound zombie (D:9)
  A hound skeleton (D:4)
  A gnoll (D:1)
  11 adders
  A shadow imp (D:6)
  A white imp (Abyss:1)
  3 oozes
  An adder zombie (D:5)
  3 worms (D:2)
  A dart slug (D:1)
  2 leopard geckos
  27 orcs
  5 ball pythons
  5 giant cockroaches
  7 goblins
  7 hobgoblins
  12 jackals
  2 quokkas
  9 bats
  5 frilled lizards
  A giant cockroach zombie (D:5)
  10 kobolds
  A quokka zombie (D:5)
  6 rats
205 creatures vanquished.

Notes
Turn   | Place    | Note
-------+----------+-------------------------------------------
     0 | D:1      | Grinner the Minotaur Gladiator began the quest for the Orb.
     0 | D:1      | Reached XP level 1. HP: 18/18 MP: 0/0
   237 | D:1      | Reached XP level 2. HP: 25/25 MP: 1/1
   435 | D:1      | Reached skill level 5 in Staves
   551 | D:1      | Reached XP level 3. HP: 25/30 MP: 2/2
  1470 | D:2      | Reached XP level 4. HP: 37/37 MP: 3/3
  2072 | D:3      | Found a bloodstained altar of Trog.
  2144 | D:3      | Reached XP level 5. HP: 38/42 MP: 4/4
  2297 | D:3      | Found a radiant altar of Vehumet.
  2627 | D:4      | Noticed kingofstarryskies's ghost (amateur GrFi)
  2668 | D:4      | Found a staircase to the Ecumenical Temple.
  2755 | D:4      | Killed kingofstarryskies's ghost
  2755 | D:4      | Reached XP level 6. HP: 50/50 MP: 5/5
  2954 | D:4      | Reached XP level 7. HP: 7/56 MP: 6/6
  3715 | Temple   | Entered the Ecumenical Temple
  4008 | Temple   | Became a worshipper of Qazlal Stormbringer
  4059 | D:5      | Entered Level 5 of the Dungeon
  4163 | D:5      | Reached skill level 10 in Staves
  4307 | D:5      | Noticed Wextippler's ghost (novice DsNe)
  4345 | D:5      | Killed Wextippler's ghost
  4687 | D:5      | Got a warped whip
  4688 | D:5      | Identified the +2 whip "Nugiufod" {slash, rC+ Int+2} (You found it on level 5 of the Dungeon)
  4760 | D:5      | Reached skill level 1 in Maces & Flails
  4760 | D:5      | Reached XP level 8. HP: 57/62 MP: 7/7
  4997 | D:5      | Reached * piety under Qazlal
  5082 | D:5      | Reached skill level 2 in Maces & Flails
  5188 | D:6      | Reached skill level 3 in Maces & Flails
  5281 | D:6      | Reached skill level 4 in Maces & Flails
  5522 | D:6      | Found a glowing silver altar of Zin.
  5525 | D:6      | Reached skill level 5 in Maces & Flails
  5526 | D:6      | Found an iron altar of Okawaru.
  5527 | D:6      | Found a burning altar of Makhleb.
  5562 | D:6      | Found a shattered altar of Ashenzari.
  5620 | D:6      | Reached skill level 6 in Maces & Flails
  5876 | D:6      | Identified Ecymm's Volume of the Burning Entourage
  6142 | D:7      | Reached ** piety under Qazlal
  6197 | D:7      | Reached skill level 7 in Maces & Flails
  6227 | D:7      | Noticed throdak's ghost (novice DsFi)
  6240 | D:7      | Killed throdak's ghost
  6240 | D:7      | Reached skill level 8 in Maces & Flails
  6240 | D:7      | Reached skill level 5 in Dodging
  6240 | D:7      | Reached XP level 9. HP: 57/68 MP: 8/8
  6463 | D:7      | Found a white marble altar of Elyvilon.
  6571 | D:8      | Reached skill level 9 in Maces & Flails
  6593 | D:8      | Found a stormy altar of Qazlal.
  6816 | D:8      | Found a staircase to the Lair.
  6816 | D:8      | Noticed a troll
  6876 | D:8      | Reached skill level 10 in Maces & Flails
  7299 | D:8      | Killed a troll
  7691 | D:8      | Found Ruutyju's Gadget Shop.
  7705 | D:8      | Noticed a sixfirhy
  7708 | D:8      | Found a runed door.
  7821 | D:8      | Reached *** piety under Qazlal
  7998 | D:8      | Reached skill level 11 in Maces & Flails
  8007 | D:8      | Reached XP level 10. HP: 72/74 MP: 9/9
  8043 | D:8      | Noticed a three-headed hydra
  8046 | D:8      | Killed a three-headed hydra
  8046 | D:8      | Reached skill level 12 in Maces & Flails
  8208 | D:8      | HP: 3/74 [sixfirhy (4)]
  8210 | D:8      | Killed a sixfirhy
  8210 | D:8      | Reached skill level 1 in Invocations
  8210 | D:8      | Reached skill level 1 in Evocations
  8221 | D:8      | Learned a level 3 spell: Conjure Flame
  8225 | D:8      | Learned a level 3 spell: Inner Flame
  8450 | D:9      | Noticed Joseph
  8565 | D:9      | Found a sparkling altar of Nemelex Xobeh.
  8573 | D:9      | Noticed Psyche
  8577 | D:9      | Noticed Grum
  8583 | D:9      | Cast into level 1 of the Abyss (Psyche)
  8592 | Abyss:1  | Got a heavily runed leather armour
  8605 | Abyss:1  | Identified the +3 leather armour of Limited Liability {rC+ Int+2} (You found it on level 1 of the Abyss)
  8633 | Abyss:1  | Noticed a worldbinder
  8643 | Abyss:1  | Killed a worldbinder
  8674 | Abyss:1  | Reached **** piety under Qazlal
  8674 | Abyss:1  | Reached skill level 13 in Maces & Flails
  8693 | Abyss:1  | Noticed a wretched star
  8702 | Abyss:1  | Noticed a rakshasa
  8749 | Abyss:1  | Noticed a smoke demon
  8754 | Abyss:1  | Killed from afar by a smoke demon

Skill      XL: |  1  2  3  4  5  6  7  8  9 10 |
---------------+-------------------------------+-----
Staves         | 4 5 7 8 9 11 | 11.3
Maces & Flails | 1 8 11 13 | 13.0
Dodging        | 5 7 8 |  8.7
Invocations    | 2 |  2.6
Evocations     | 2 |  2.4
Fighting       | |  2.4
Throwing       | |  2.0

Action                   |  1- 3 |  4- 6 |  7- 9 | 10-12 || total
-------------------------+-------+-------+-------+-------++-------
Melee: Quarterstaff      |    63 |   125 |    79 |       ||   267
       Headbutt          |    12 |    12 |    36 |    10 ||    70
       Morningstar       |       |       |   126 |    73 ||   199
Throw: Throwing net      |       |       |       |     3 ||     3
  Use: Potion            |       |     4 |     5 |     3 ||    12
       Scroll            |       |       |     9 |     5 ||    14
  Eat: Chunk             |     1 |     5 |     5 |     1 ||    12
       Bread ration      |       |       |     3 |       ||     3
Armor: Leather armour    |    16 |    18 |    11 |     6 ||    51
       Skin              |       |    20 |       |       ||    20
       Robe              |       |       |    15 |     3 ||    18
Dodge: Dodged            |    55 |    63 |   111 |    36 ||   265
       Deflected         |       |       |       |     1 ||     1
Block: Other             |       |       |     8 |    12 ||    20
